 Dungeon Crawl Stone Soup version 0.21.0-37-g46506fa (webtiles) character file.

8071 garbagetei the Arsonist (level 11, -3/57 HPs)
             Began as a Deep Elf Fire Elementalist on Jan 31, 2018.
             Was a Priest of Vehumet.
             Killed by divine providence
             ... invoked by an orc priest
              (10 damage)
             ... on level 10 of the Dungeon.
             The game lasted 00:54:14 (14344 turns).

garbagetei the Arsonist (DEFE)                     Turns: 14344, Time: 00:54:15

Health: -3/57      AC:  5    Str:  7    XL:     11   Next: 5%
Magic:  21/27      EV: 12    Int: 27    God:    Vehumet [***...]
Gold:   592        SH:  5    Dex: 17    Spells: 12/31 levels left

rFire    . . .     SeeInvis .   f - +3 whip (drain)
rCold    . . .     Gourm    .   L - +1 buckler "Veocwaph" {rPois rN+ Int+3 Slay-5}
rNeg     + . .     Faith    .   a - +0 robe
rPois    +         Spirit   .   p - +1 hat
rElec    .         Reflect  .   k - +0 cloak
rCorr    +         Harm     .   i - +0 pair of gloves
MR       ++...                  (no boots)
Stlth    ++........             (no amulet)
HPRegen  0.19/turn              x - +2 ring of dexterity
MPRegen  0.20/turn              E - ring of resist corrosion

@: no status effects
A: magic resistance 1, strong 1
a: Renounce Religion


You were on level 10 of the Dungeon.
You worshipped Vehumet.
Vehumet was most pleased with you.
You were not hungry.

You visited 3 branches of the dungeon, and saw 12 of its levels.

You collected 592 gold pieces.

Inventory:

Hand Weapons
 f - a +3 whip of draining (weapon)
 h - a +0 rapier
Missiles
 y - 142 stones (quivered)
Armour
 a - a +0 robe (worn)
 i - a +0 pair of gloves (worn)
 k - a +0 cloak (worn)
 p - a +1 hat (worn)
 w - a +0 helmet
 L - the +1 buckler "Veocwaph" (worn) {rPois rN+ Int+3 Slay-5}
   (You found it on level 8 of the Dungeon)

   It affects your intelligence (+3).
   It affects your accuracy and damage with ranged weapons and melee attacks
   (-5).
   It protects you from poison.
   It protects you from negative energy.
 O - a +0 troll leather armour
Jewellery
 x - a +2 ring of dexterity (left hand)
 E - a ring of resist corrosion (right hand)
 G - an uncursed amulet of inaccuracy
Wands
 q - a wand of scattershot (5)
 s - a wand of polymorph (8)
 C - a wand of iceblast (12)
 H - a wand of digging (5)
 K - a wand of flame (51)
Scrolls
 d - a scroll of immolation {unknown}
 e - 2 scrolls of enchant weapon
 g - 2 scrolls of remove curse
 j - 2 scrolls of teleportation {unknown}
 l - 2 scrolls of enchant armour
 m - 3 scrolls of amnesia {unknown}
 u - a scroll of fog {unknown}
 v - a scroll of random uselessness {unknown}
 A - a scroll of noise {unknown}
 B - a scroll of fear {unknown}
 F - 3 scrolls of magic mapping {unknown}
 J - a scroll of identify
Potions
 n - 2 potions of curing
 o - a potion of cancellation
 r - 2 potions of brilliance
 t - 2 potions of mutation
 z - a potion of might
 D - a potion of lignification
 I - a potion of heal wounds {unknown}
 M - a potion of haste
Books
 b - a book of Flames

   Spells                             Type                      Level
   a - Flame Tongue                   Conjuration/Fire             1
   b - Throw Flame                    Conjuration/Fire             2
   c - Conjure Flame                  Conjuration/Fire             3
   d - Inner Flame                    Hexes/Fire                   3
   e - Sticky Flame                   Conjuration/Fire             4
   f - Fireball                       Conjuration/Fire             5
Comestibles
 c - 6 rations


   Skills:
 + Level 2.0 Fighting
 - Level 1.0 Maces & Flails
 - Level 2.4 Dodging
 - Level 2.4 Stealth
 + Level 0.1 Shields
 + Level 10.5 Spellcasting
 * Level 11.0 Conjurations
 * Level 11.3 Fire Magic
 + Level 4.5 Earth Magic
 + Level 0.2 Evocations


You had 12 spell levels left.
You knew the following spells:

 Your Spells              Type           Power        Failure   Level  Hunger
a - Flame Tongue          Conj/Fire      #####        1%          1    None
b - Conjure Flame         Conj/Fire      ######..     1%          3    None
c - Sticky Flame          Conj/Fire      ######..     1%          4    None
d - Fireball              Conj/Fire      ######....   1%          5    ###....
e - Sandblast             Erth           #####.       1%          1    None
f - Throw Flame           Conj/Fire      ######       1%          2    None
g - Stone Arrow           Conj/Erth      ######       1%          3    None


Dungeon Overview and Level Annotations

Branches:
Dungeon (10/15)            Temple (1/1) D:4             Orc (1/2) D:9
   Lair: D:8-11

Altars:
Dithmenos
Elyvilon
Fedhas
Gozag
Hepliaklqana
Kikubaaqudgha
Makhleb
Nemelex Xobeh
Okawaru
Qazlal
Ru
Sif Muna
Trog
Uskayaw
Vehumet
Yredelemnul
Zin

Shops:
D:4 (

Annotations:
D:3 exclusions: black bear and 4 more exclusions
D:6 exclusion: downstairs
D:7 exclusion: downstairs, Joseph; p0werm0de's ghost, novice FoCK
D:8 1 runed door, 1994's ghost, novice OgHu
D:9 2 transporters


Innate Abilities, Weirdness & Mutations

You are resistant to hostile enchantments. (MR+)
Your muscles are strong. (Str +2)


Message History

Aim: an orc warrior, wielding a dire flail and wearing a chain mail The flame tongue misses the orc warrior.
Casting: Flame Tongue
Confirm with . or Enter, or press ? or * to list all spells.
Aiming: Sticky Flame
Press: ? - help, Shift-Dir - straight line, f/p - orc warrior
Aim: an orc warrior, wielding a dire flail and wearing a chain mail The sticky flame hits the orc warrior.
The orc warrior is moderately wounded.
The orc warrior is covered in liquid flames!
The orc warrior burns!
The orc warrior hits you with a dire flail!!
The orc warrior burns!
There is a stone staircase leading up here.
The orc warrior burns!
The orc warrior hits you with a dire flail!!
* * * LOW HITPOINT WARNING * * *
The orc priest calls down the wrath of Beogh upon you.
Beogh smites you!
You die...

######.####
#...o†oo...
#o####o....
#.# ### #o#
#.# #o####
#.oo@#
######


You could see an orc warrior (burning), an orc priest and an orc.

Vanquished Creatures
  Erolcha (D:9)
  Pikel (D:6)
  Maurice (D:8)
  Psyche (D:8)
  A troll (D:9)
  A hippogriff (D:9)
  Grinder (D:4)
  11 yaks
  Menkaure (D:4)
  Duvessa (D:7)
  The ghost of nikopol the Firebug, an amateur DEFE of Vehumet (D:4)
  2 porcupines (D:8)
  3 slaves (D:6)
  3 orc warriors
  2 sky beasts
  2 black bears
  2 phantoms
  3 centaurs
  4 ogres
  A necrophage (D:6)
  A big kobold (D:9)
  3 bullfrogs (D:6)
  A water moccasin zombie (D:9)
  Dowan (D:6)
  5 scorpions
  9 killer bees
  5 crimson imps
  A centaur skeleton (D:7)
  A jelly (D:6)
  2 orc priests
  4 hounds
  A bullfrog skeleton (D:5)
  A gnoll shaman (D:9)
  4 orc wizards
  3 worker ants
  Ijyb (D:4)
  2 iguanas
  A killer bee zombie (D:6)
  3 hound skeletons
  15 gnolls
  11 adders
  3 worms
  7 leopard geckos
  26 orcs
  A ball python (D:6)
  7 bats
  6 giant cockroaches
  9 goblins
  11 hobgoblins
  17 jackals
  2 quokkas
  3 frilled lizards (D:2)
  11 kobolds
  A leopard gecko zombie (D:5)
  5 rats
227 creatures vanquished.

Vanquished Creatures (others)
  5 fungi (D:8)
5 creatures vanquished.

Grand Total: 232 creatures vanquished

Notes
Turn   | Place    | Note
-------+----------+-------------------------------------------
     0 | D:1      | garbagetei the Deep Elf Fire Elementalist began the quest for the Orb.
     0 | D:1      | Reached XP level 1. HP: 10/10 MP: 6/6
   339 | D:1      | Reached XP level 2. HP: 15/15 MP: 5/8
  1271 | D:2      | Reached XP level 3. HP: 19/19 MP: 9/9
  1287 | D:2      | Found a basalt altar of Yredelemnul.
  1361 | D:2      | Learned a level 3 spell: Conjure Flame
  2054 | D:2      | Reached XP level 4. HP: 9/24 MP: 9/11
  2664 | D:3      | Noticed a black bear
  2801 | D:4      | Found a hazy altar of Hepliaklqana.
  2805 | D:4      | Noticed Ijyb
  2856 | D:4      | Killed Ijyb
  2940 | D:4      | Found Qaruwo's Weapon Emporium.
  2950 | D:4      | Noticed nikopol's ghost (amateur DEFE)
  2963 | D:4      | Reached skill level 5 in Fire Magic
  2963 | D:4      | Reached XP level 5. HP: 28/28 MP: 0/13
  3201 | D:3      | Learned a level 4 spell: Sticky Flame
  3973 | D:4      | Noticed an ogre
  3985 | D:4      | Killed an ogre
  3985 | D:4      | Reached XP level 6. HP: 32/32 MP: 4/15
  3987 | D:4      | Noticed Menkaure
  4099 | D:3      | Gained mutation: Your muscles are strong. (Str +2) [potion of mutation]
  4099 | D:3      | Gained mutation: You are resistant to hostile enchantments. (MR+) [potion of mutation]
  4108 | D:3      | HP: 2/48 [poisoned by a scorpion]
  4114 | D:3      | HP: 2/48 [poisoned by a scorpion]
  4647 | D:4      | Reached skill level 5 in Spellcasting
  4720 | D:4      | Noticed Grinder
  4732 | D:4      | Killed Grinder
  4732 | D:4      | Reached XP level 7. HP: 36/36 MP: 7/17
  4802 | D:4      | Reached skill level 5 in Conjurations
  5263 | D:4      | Killed Menkaure
  5302 | D:4      | Learned a level 5 spell: Fireball
  5491 | D:4      | Killed nikopol's ghost
  5545 | D:4      | Found a staircase to the Ecumenical Temple.
  5563 | Temple   | Entered the Ecumenical Temple
  5572 | Temple   | Became a worshipper of Vehumet
  5606 | D:4      | Reached XP level 8. HP: 33/42 MP: 9/19
  5846 | D:4      | Found a bloodstained altar of Trog.
  5919 | D:5      | Entered Level 5 of the Dungeon
  6990 | D:5      | Reached skill level 1 in Fighting
  7306 | D:6      | Reached skill level 1 in Maces & Flails
  7885 | D:5      | Reached * piety under Vehumet
  7885 | D:5      | Offered knowledge of Sandblast by Vehumet.
  7989 | D:6      | Learned a level 1 spell: Sandblast
  8059 | D:6      | Reached skill level 1 in Earth Magic
  8300 | D:6      | Reached XP level 9. HP: 44/48 MP: 17/22
  8794 | D:6      | Noticed Pikel
  8811 | D:6      | Killed Pikel
  9663 | D:7      | Noticed p0werm0de's ghost (novice FoCK)
  9897 | D:8      | Noticed Psyche
 10007 | D:7      | Reached XP level 10. HP: 53/53 MP: 18/24
 10097 | D:7      | Reached skill level 10 in Fire Magic
 10108 | D:6      | Reached ** piety under Vehumet
 10108 | D:6      | Offered knowledge of Freeze by Vehumet.
 10934 | D:7      | Found a deep blue altar of Sif Muna.
 10998 | D:7      | Learned a level 2 spell: Throw Flame
 11120 | D:7      | Found a burning altar of Makhleb.
 11223 | D:7      | Noticed Dowan
 11224 | D:7      | Noticed Duvessa
 11361 | D:7      | Killed Duvessa
 11370 | D:6      | Killed Dowan
 11741 | D:8      | Noticed Joseph
 11742 | D:8      | Noticed 1994's ghost (novice OgHu)
 11743 | D:8      | Reached skill level 10 in Conjurations
 11787 | D:8      | Killed Psyche
 11789 | D:8      | Noticed Maurice
 11802 | D:8      | Killed Maurice
 12685 | D:8      | Found a runed door.
 12771 | D:9      | Found a transporter.
 12776 | D:9      | Noticed a great orb of eyes
 12778 | D:9      | Found a transporter.
 12786 | D:9      | Found a blossoming altar of Fedhas.
 12787 | D:9      | Found a sacrificial altar of Ru.
 12787 | D:9      | Found an iron altar of Okawaru.
 12843 | D:9      | Reached skill level 10 in Spellcasting
 12976 | D:9      | Found a hide-covered altar of Uskayaw.
 13035 | D:9      | Found an opulent altar of Gozag.
 13039 | D:8      | Got a heavily runed buckler
 13052 | D:8      | Identified the +1 buckler "Veocwaph" {rPois rN+ Int+3 Slay-5} (You found it on level 8 of the Dungeon)
 13111 | D:9      | Offered knowledge of Stone Arrow by Vehumet.
 13132 | D:9      | Learned a level 3 spell: Stone Arrow
 13316 | D:9      | Found an ancient bone altar of Kikubaaqudgha.
 13560 | D:9      | Found a stormy altar of Qazlal.
 13596 | D:9      | Noticed Erolcha
 13925 | D:9      | Killed Erolcha
 13925 | D:9      | Reached XP level 11. HP: 45/57 MP: 15/27
 14018 | D:9      | Found a staircase to the Orcish Mines.
 14028 | Orc:1    | Entered Level 1 of the Orcish Mines
 14307 | D:10     | Entered Level 10 of the Dungeon
 14329 | D:10     | Reached *** piety under Vehumet
 14344 | D:10     | Killed from afar by an orc priest

Skill      XL: |  1  2  3  4  5  6  7  8  9 10 |
---------------+-------------------------------+-----
Fire Magic     | 4 5 6 7 8 9 11 | 11.3
Conjurations   | 2 3 4 5 7 9 11 | 11.0
Spellcasting   | 4 5 6 7 8 10 | 10.5
Fighting       | 1 2 |  2.0
Maces & Flails | 1 |  1.0
Earth Magic    | 1 3 4 |  4.5
Dodging        | |  2.4
Stealth        | |  2.4
Shields        | |  0.1
Evocations     | |  0.2

Action                   |  1- 3 |  4- 6 |  7- 9 | 10-12 || total
-------------------------+-------+-------+-------+-------++-------
Melee: Whip              |    24 |    11 |   102 |    26 ||   163
       Unarmed           |     1 |       |       |       ||     1
 Cast: Flame Tongue      |    56 |   105 |   114 |   123 ||   398
       Conjure Flame     |       |     3 |     2 |     1 ||     6
       Sticky Flame      |       |     3 |    45 |    42 ||    90
       Sandblast         |       |       |     5 |    11 ||    16
       Fireball          |       |       |     2 |     8 ||    10
       Throw Flame       |       |       |       |     6 ||     6
       Stone Arrow       |       |       |       |     6 ||     6
Evoke: Wand              |       |       |     2 |       ||     2
  Use: Potion            |       |     8 |       |       ||     8
       Scroll            |       |     1 |     5 |     2 ||     8
 Stab: Sleeping          |     2 |       |       |       ||     2
  Eat: Chunk             |     3 |     7 |    12 |    15 ||    37
       Ration            |       |     1 |     2 |       ||     3
Armor: Robe              |     4 |     9 |    61 |    20 ||    94
       Skin              |       |     2 |       |       ||     2
Dodge: Dodged            |    24 |    35 |   165 |    64 ||   288
Block: Buckler           |       |       |       |    10 ||    10
